 Dungeon Crawl Stone Soup version bcrawl-1.37.2 (webtiles) character file.

Game seed: 9748496073023279528

146142 Mehrunes the Magician (level 6, 0/36 HPs)
             Began as an Avariel Wizard on Nov 5, 2022.
             Engulfed by a cloud of noxious fumes (1 damage)
             ... in a sewer.
             The game lasted 00:06:48 (3277 turns).

Mehrunes the Magician (Avariel Wizard)              Turns: 3277, Time: 00:06:49

Health: 0/36       AC:  6    Str:  5    XL:     6   Next: 9%
Magic:  6/15       EV: 10    Int: 26    God:
Gold:   234        SH:  0    Dex: 11    Spells: 6/15 levels left

rFire    . . .     GDR:     23% s - +6 dagger (elec)
rCold    . . .     SeeInvis .   (no shield)
rNeg     . . .     Gourm    .   b - +0 robe
rPois    .         Faith    .   y - +2 helmet
rElec    .         Spirit   .   (no cloak)
rCorr    .         Reflect  .   (no gloves)
MR       .....                  j - +0 pair of boots
Stlth    +.........             (no amulet)
HPRegen  0.16/turn              (no ring)
MPRegen  0.14/turn              (no ring)

@: confused, very slightly contaminated, constricted, very slow
A: no striking features
a: no special abilities


You were in a sewer.
You were not hungry.

You visited 1 branch of the dungeon, and saw 3 of its levels.
You also visited: Sewer.

You collected 234 gold pieces.

Inventory:

Hand Weapons
 a - a +0 staff
 h - a +0 dagger
 s - a +6 dagger of electrocution (weapon)
Armour
 b - a +0 robe (worn)
 j - a +0 pair of boots (worn)
 x - a +0 buckler
 y - a +2 helmet (worn)
Scrolls
 i - 2 scrolls of magic mapping {unknown}
 n - a scroll of fog {unknown}
 o - a scroll of enchant armour {unknown}
 p - a scroll of immolation {unknown}
 r - 3 scrolls of teleportation
 u - 2 scrolls of amnesia
 v - 2 scrolls of remove curse {unknown}
Potions
 d - 2 potions of heal wounds {unknown}
 f - 3 potions of brilliance
 g - 2 potions of might {unknown}
 k - 2 potions of magic {unknown}
 l - a potion of agility {unknown}
 m - 2 potions of mutation {unknown}
 q - a potion of curing {unknown}
 w - a potion of haste {unknown}
Comestibles
 c - 3 chunks of flesh
 e - 4 rations {!d}


   Skills:
 + Level 2.3 Fighting
 + Level 2.2 Short Blades
 + Level 3.2 Dodging
 - Level 2.1 Stealth
 + Level 5.2 Spellcasting
 + Level 3.8 Conjurations
   Level 1.2 Summonings
 - Level 0.8 Translocations


You had 6 spell levels left.
You knew the following spells:

 Your Spells              Type           Power        Failure   Level  Hunger
a - Magic Dart            Conj           ####         1%          1    None
b - Conjure Flame         Conj/Fire      ###.....     11%         3    ###....
c - Mephitic Cloud        Conj/Pois/Air  ##......     14%         3    ###....
d - Blink                 Tloc           N/A          9%          2    None

Your spell library contained the following spells:

 Spells                   Type           Power        Failure   Level  Hunger
 Call Imp                 Summ           ##....       7%          2    None
 Spider Form              Tmut/Pois      #..          22%         3    ###....


Dungeon Overview and Level Annotations

Branches:
Dungeon (3/12)

Altars:
Gozag
Lugonu
Makhleb

Annotations:
D:2 exclusion: door, Crazy Yiuf


Message History

The bullfrog hits you but does no damage.
The frilled lizard bites you but does no damage.
The frilled lizard bites you. The ooze hits you but does no damage.
The ball python barely misses you.
You're too confused to move!
You are engulfed in noxious fumes.
The bullfrog is engulfed in noxious fumes.
The bullfrog appears confused.
The bullfrog closely misses you. The ball python barely misses you.
The ball python constricts you.
The bullfrog is engulfed in noxious fumes.
The bullfrog appears confused.
The bullfrog misses the bullfrog.
The frilled lizard barely misses you. The frilled lizard closely misses you.
The ooze hits you but does no damage. The bullfrog hits you!
* * * LOW HITPOINT WARNING * * *
The ball python bites you but does no damage.
The ball python closely misses you. The ball python constricts you.
You hit the ball python.
The ball python is heavily wounded.
You are engulfed in noxious fumes.
You choke on the stench!
You are more confused.
You die...

#######################
##...#≈≈≈≈≈≈≈≈≈≈≈≈≈≈≈..#
#....≈≈≈≈≈#≈..≈≈≈≈≈≈≈≈..
#....≈lJF†≈≈≈≈≈≈≈≈≈≈≈≈..
#....≈≈@FS≈≈≈≈≈≈≈≈≈≈≈≈..
#....≈SSl≈≈≈≈≈≈≈≈≈≈≈≈≈..
##....≈S≈≈≈≈≈≈≈≈≈≈≈≈≈...
#+####################.
#### #..# #..' #### ##


You could see 2 bullfrogs, an ooze, an adder, 3 ball pythons and 2 frilled
lizards.

Vanquished Creatures
  A hound (D:2)
  An orc wizard (D:3)
  6 adders
  3 river rats (Sewer)
  An ooze (Sewer)
  A worm (D:2)
  3 leopard geckos (D:1)
  10 ball pythons
  10 bats
  5 giant cockroaches
  5 goblins
  10 hobgoblins
  5 jackals (D:3)
  A quokka (D:3)
  4 frilled lizards
  9 kobolds
  28 rats
103 creatures vanquished.

Notes
Turn   | Place    | Note
-------+----------+-------------------------------------------
     0 | D:1      | Mehrunes the Avariel Wizard began the quest for the Orb.
     0 | D:1      | Reached XP level 1. HP: 10/10 MP: 7/7
    50 | D:1      | Reached XP level 2. HP: 16/16 MP: 5/9
   325 | D:1      | Reached skill level 1 in Fighting
   484 | D:1      | Reached XP level 3. HP: 20/20 MP: 8/10
   766 | D:1      | Learned a level 3 spell: Conjure Flame
   770 | D:1      | Learned a level 3 spell: Mephitic Cloud
  1269 | D:2      | Found a burning altar of Makhleb.
  1275 | D:2      | Reached XP level 4. HP: 18/25 MP: 6/12
  1521 | D:2      | Found an opulent altar of Gozag.
  1653 | D:2      | Reached skill level 1 in Short Blades
  2327 | D:2      | Found a runed door.
  2331 | D:2      | Noticed Crazy Yiuf
  2484 | D:3      | Found a corrupted altar of Lugonu.
  2521 | D:3      | Reached XP level 5. HP: 29/30 MP: 4/14
  2617 | D:3      | Found a glowing drain.
  2669 | D:3      | Reached skill level 5 in Spellcasting
  2722 | Sewer    | Entered a sewer
  2758 | Sewer    | Learned a level 2 spell: Blink
  3036 | Sewer    | Reached XP level 6. HP: 16/35 MP: 2/15
  3276 | Sewer    | HP: 1/36 [bullfrog (11)]
  3277 | Sewer    | Engulfed by a cloud of noxious fumes

Skill      XL: |  1  2  3  4  5 |
---------------+----------------+-----
Conjurations   | 2 3 |  3.8
Fighting       | 1 2 |  2.3
Short Blades   | 1 2 |  2.2
Dodging        | 3 |  3.2
Spellcasting   | 5 |  5.2
Stealth        | |  2.1
Summonings     | |  1.2
Translocations | |  0.8

Action                   |  1- 3 |  4- 6 || total
-------------------------+-------+-------++-------
Melee: Staff             |     1 |       ||     1
       Dagger            |     1 |    72 ||    73
 Cast: Magic Dart        |    69 |    88 ||   157
       Mephitic Cloud    |       |     9 ||     9
       Blink             |       |     1 ||     1
  Use: Scroll            |       |     7 ||     7
 Stab: Confused          |       |     1 ||     1
  Eat: Chunk             |     1 |    12 ||    13
Armor: Robe              |     4 |    49 ||    53
Dodge: Dodged            |    25 |    98 ||   123
